Map: Frozen Temple

Players

Polt - Winner!

  • Race: Terran Terran

Neeb

  • Race: Protoss Protoss

Event: 2016 WCS Summer Circuit Championship (DH Montreal)

VOD

https://youtu.be/umUCXyBa1aI

Description

Time

  • Played on: Aug. 14, 2016, 1:53 p.m.
  • Length: 11:14

All games in this series

Show
View Real Time Build Order
Export as new Build Order

Polt Terran - Winner!

Build Orders: Reaper Expand, MMM Bio 

Get SALT Encoding   

  12  0:00  SCV  
  13  0:13  SCV  
  14  0:17  Supply Depot  
  14  0:25  SCV  
  15  0:38  SCV  
  15  0:40  Barracks  
  16  0:43  Refinery  
  16  0:51  SCV  
  17  1:03  SCV  
  18  1:15  SCV  
  19  1:27  Reaper, Orbital Command  
  20  1:41  Command Center  
  20  1:50  Barracks  
  20  1:53  SCV  
  21  2:00  Barracks Reactor  
  21  2:04  Supply Depot  
  21  2:09  SCV  
  22  2:21  Engineering Bay, SCV  
  23  2:33  SCV  
  24  2:37  Marine x2  
  24  2:38  Barracks Tech Lab  
  24  2:42  Barracks  
  26  2:45  SCV  
  27  2:55  Marine x2  
  27  2:56  Orbital Command  
  29  3:00  SCV  
  29  3:04  Stimpack  
  29  3:09  Marine  
  30  3:16  SCV  
  30  3:19  Marine  
  31  3:20  Marine  
  31  3:24  SCV  
  31  3:26  Supply Depot  
  31  3:27  Marine  
  34  3:28  SCV  
  34  3:31  Marine  
  37  3:37  Marine x2, SCV  
  37  3:40  SCV  
  41  3:42  Supply Depot  
  41  3:49  SCV  
  41  3:50  Barracks Tech Lab, Marine  
  41  3:52  SCV  
  41  3:55  Marine x2  
  44  3:59  Supply Depot  
  44  4:01  SCV  
  47  4:04  SCV  
  47  4:05  Factory  
  48  4:11  Marine x2  
  48  4:13  Marine x2  
  48  4:16  SCV x2  
  54  4:17  Engineering Bay  
  54  4:18  Combat Shields  
  54  4:28  SCV x2  
  54  4:30  Marauder x2  
  60  4:32  Marine x2, Refinery  
  62  4:40  SCV x2  
  62  4:43  Supply Depot  
  63  4:55  Missile Turret, SCV x2  
  63  4:56  Marine x4  
  66  5:08  Refinery  
  66  5:13  SCV x2  
  68  5:14  Missile Turret  
  68  5:17  Factory Reactor, Starport  
  68  5:19  Marine x4  
  72  5:25  SCV x2  
  74  5:30  Supply Depot  
  74  5:37  Marine x2, Marauder  
  78  5:45  Command Center  
  78  5:48  SCV  
  78  5:49  SCV  
  77  5:51  Marauder  
  74  5:59  Marine x2, Marauder  
  74  6:00  SCV  
  74  6:01  SCV  
  69  6:12  Marauder, SCV  
  69  6:13  SCV  
  69  6:16  Marine  
  69  6:17  Marine  
  67  6:20  Marauder  
  67  6:26  Barracks  
  67  6:27  Barracks  
  67  6:28  Medivac  
  67  6:29  Medivac  
  67  6:31  Refinery  
  70  6:38  SCV x2  
  70  6:39  Marine x2  
  76  6:40  Widow Mine, Concussive Shells  
  76  6:42  Marauder  
  76  6:43  Marauder  
  76  6:44  Liberator x2  
  80  6:47  Supply Depot  
  80  6:48  Supply Depot  
  80  6:50  SCV x2  
  82  6:58  Orbital Command  
  85  7:07  SCV x2  
  90  7:09  Marauder x2  
  90  7:10  Marine x2  
  90  7:11  Widow Mine  
  98  7:19  SCV x2  
  98  7:20  Barracks Tech Lab, Terran Infantry Weapons Level 1  
  98  7:21  Barracks Reactor  
  100  7:26  SCV  
  101  7:31  SCV x2  
  101  7:32  Supply Depot  
  101  7:34  Marine x2, Marauder x2  
  101  7:35  Supply Depot  
  109  7:39  Widow Mine, Marauder  
  109  7:42  SCV  
  109  7:43  SCV x2  
  116  7:46  Refinery  
  116  7:52  Barracks  
  116  7:53  Barracks  
  116  7:54  Medivac x2, Barracks  
  120  8:00  Marauder x2  
  120  8:01  Marauder  
  120  8:02  Marine x4  
  129  8:09  Supply Depot  
  129  8:11  Widow Mine, Supply Depot  
  129  8:12  Supply Depot  
  131  8:22  Marauder, Armory  
  131  8:23  Engineering Bay  
  133  8:31  Marauder x2, Marine x2, Medivac  
  133  8:32  Marine x2, Medivac  
  145  8:39  Supply Depot  
  145  8:40  Supply Depot x2  
  144  8:45  Marauder  
  144  8:46  Barracks Tech Lab x2, Barracks Reactor  
  143  8:50  Marine x2  
  143  8:51  Marine x2  
  143  8:53  Marauder x2  
  147  9:07  Marauder x3  
  147  9:08  Liberator x2, Marine x4  
  157  9:14  Marauder x2  
  163  9:34  Marauder  
  163  9:35  Marauder x4  
  163  9:36  Marine x4  
  163  9:37  Marine x2  
  176  9:52  Refinery  
  167  10:02  Marauder  
  167  10:03  Marine x4, Marauder x4  
  181  10:10  Marine  
  181  10:11  Supply Depot  
  181  10:12  Sensor Tower  
  181  10:30  Refinery  
  181  10:32  Marine, Medivac x2  
  159  10:45  Marine x2, Marauder x2  
  159  10:46  Marine x2, Marauder x3  
Show
View Real Time Build Order
Export as new Build Order

Neeb Protoss 

Build Orders: 1 Gate Expand, Oracle Opening 

Get SALT Encoding   

  12  0:01  Probe (Chrono Boost)  
  13  0:11  Probe (Chrono Boost)  
  14  0:17  Pylon  
  14  0:22  Probe (Chrono Boost)  
  15  0:36  Probe (Chrono Boost), Gateway  
  16  0:46  Probe (Chrono Boost)  
  16  0:47  Assimilator  
  18  0:57  Probe (Chrono Boost)  
  18  1:08  Probe (Chrono Boost)  
  19  1:17  Nexus  
  19  1:20  Probe (Chrono Boost)  
  20  1:29  Cybernetics Core  
  20  1:34  Probe (Chrono Boost)  
  20  1:38  Assimilator  
  21  1:44  Probe (Chrono Boost)  
  22  1:48  Pylon  
  22  1:55  Probe (Chrono Boost)  
  23  2:02  Adept  
  23  2:06  Warp Gate  
  23  2:08  Probe (Chrono Boost)  
  26  2:20  Probe (Chrono Boost)  
  27  2:29  Adept  
  26  2:31  Probe (Chrono Boost)  
  26  2:32  Mothership Core (Chrono Boost)  
  30  2:43  Probe (Chrono Boost), Pylon  
  31  2:50  Probe (Chrono Boost)  
  32  2:55  Probe (Chrono Boost)  
  33  3:01  Probe (Chrono Boost)  
  33  3:04  Stargate  
  35  3:05  Probe (Chrono Boost)  
  35  3:09  Adept  
  35  3:11  Probe (Chrono Boost)  
  38  3:16  Probe (Chrono Boost)  
  39  3:22  Probe (Chrono Boost)  
  39  3:27  Probe (Chrono Boost)  
  41  3:32  Probe (Chrono Boost), Gateway  
  41  3:33  Gateway  
  42  3:37  Probe (Chrono Boost)  
  43  3:43  Oracle  
  43  3:44  Probe (Chrono Boost)  
  43  3:48  Probe (Chrono Boost)  
  49  3:56  Probe (Chrono Boost)  
  49  3:58  Probe (Chrono Boost)  
  50  4:02  Nexus  
  50  4:09  Pylon  
  51  4:10  Probe (Chrono Boost)  
  51  4:11  Probe (Chrono Boost)  
  51  4:16  Pylon  
  52  4:21  Probe (Chrono Boost)  
  52  4:22  Probe (Chrono Boost), Oracle  
  54  4:28  Adept  
  59  4:32  Probe (Chrono Boost)  
  59  4:34  Probe (Chrono Boost)  
  59  4:35  Robotics Facility  
  59  4:38  Assimilator  
  61  4:42  Probe (Chrono Boost)  
  61  4:43  Assimilator  
  63  4:46  Probe (Chrono Boost)  
  63  4:53  Probe (Chrono Boost)  
  63  4:58  Probe (Chrono Boost)  
  65  5:03  Probe (Chrono Boost)  
  66  5:11  Probe (Chrono Boost), Sentry, Forge  
  66  5:13  Twilight Council  
  70  5:14  Probe (Chrono Boost)  
  70  5:15  Probe (Chrono Boost)  
  70  5:17  Adept x2  
  73  5:22  Immortal  
  73  5:23  Probe (Chrono Boost)  
  73  5:25  Pylon  
  73  5:26  Probe (Chrono Boost), Pylon  
  75  5:37  Adept x3  
  75  5:41  Probe x3 (Chrono Boost)  
  83  5:53  Blink, Protoss Ground Weapons Level 1  
  73  5:58  Adept x3  
  73  6:01  Probe (Chrono Boost)  
  73  6:02  Probe x2 (Chrono Boost)  
  69  6:13  Probe (Chrono Boost)  
  69  6:14  Probe (Chrono Boost)  
  68  6:19  Probe (Chrono Boost), Adept x3  
  76  6:25  Probe (Chrono Boost)  
  76  6:26  Probe (Chrono Boost)  
  76  6:31  Probe (Chrono Boost)  
  77  6:33  Gateway  
  77  6:34  Gateway  
  77  6:35  Gateway  
  77  6:37  Probe (Chrono Boost), Pylon  
  77  6:38  Probe (Chrono Boost)  
  79  6:40  Sentry x3  
  79  6:42  Immortal  
  79  6:43  Probe (Chrono Boost)  
  90  6:49  Probe (Chrono Boost)  
  90  6:54  Pylon, Gateway  
  91  6:58  Gateway  
  94  7:02  Probe x3 (Chrono Boost)  
  94  7:05  Stalker  
  94  7:06  Stalker  
  94  7:07  Pylon  
  98  7:09  Stalker  
  98  7:14  Probe (Chrono Boost)  
  101  7:18  Probe (Chrono Boost)  
  101  7:19  Probe (Chrono Boost)  
  101  7:20  Observer  
  101  7:26  Probe (Chrono Boost), Nexus  
  101  7:28  Pylon  
  103  7:32  Stalker x2  
  103  7:33  Protoss Ground Armor Level 1  
  103  7:34  Stalker  
  109  7:39  Warp Prism, Pylon  
  109  7:41  Resonating Glaives  
  110  7:57  Stalker x3  
  110  7:58  Stalker  
  118  8:03  Probe x2 (Chrono Boost)  
  121  8:06  Probe (Chrono Boost)  
  121  8:07  Pylon  
  121  8:09  Pylon  
  121  8:10  Warp Prism  
  122  8:21  Stalker x2  
  122  8:22  Adept x3  
  122  8:25  Pylon x2  
  132  8:33  Pylon  
  132  8:39  Adept  
  134  8:45  Adept x7  
  134  8:48  Observer, Forge  
  145  9:06  Adept x3  
  145  9:07  Adept x5  
  143  9:29  Adept x6  
  143  9:30  Adept x2  
  156  9:31  Assimilator  
  156  9:32  Assimilator  
  144  9:49  Adept x3  
  144  9:50  Adept, Stalker x2  
  154  9:59  Nexus  
  146  10:11  Pylon  
  146  10:12  Pylon x2  
  146  10:30  Stalker x5  
  146  10:31  Stalker x2  
  98  10:55  Sentry x2, Stalker x5  
  94  11:05  Stalker  
Tags
 
Add a new tag
Caveats
  • Supply blocks, unpowered buildings, or Contaminate may cause inaccurate times.
  • Supply counts are checked every 10 seconds.